 Dungeon Crawl Stone Soup version 0.30.1-3-gfc49f6343a (webtiles) character file.

Game seed: 17050230302300759829

56 spardeous the Gusty (level 3, -14/26 HPs)
             Began as a Demigod Air Elementalist on July 28, 2023.
             Killed from afar by a steam dragon (25 damage)
             ... with a ball of steam
             ... on level 3 of the Dungeon.
             The game lasted 00:01:40 (1880 turns).

spardeous the Gusty (Demigod Air Elementalist)      Turns: 1880, Time: 00:01:40

Health: -14/26     AC:  5    Str:  9    XL:     3   Next: 48%
Magic:  8/8        EV: 11    Int: 21    God:
Gold:   80         SH:  0    Dex: 14    Spells: 5/6 levels left

rFire   . . .        n - +4 short sword
rCold   . . .        (no shield)
rNeg    . . .        m - +0 leather armour
rPois   .            l - +2 hat
rElec   .            (no cloak)
rCorr   .            (no gloves)
SInv    .            (no boots)
Will    .....        (no amulet)
Stlth   ++           (no ring)
HPRegen 0.24/turn    (no ring)
MPRegen 0.11/turn

%: no passive effects
@: no status effects
A: high MP 1, forlorn, divine attributes
a: no special abilities


You were on level 3 of the Dungeon.
You visited 1 branch of the dungeon, and saw 3 of its levels.

You collected 80 gold pieces.

Inventory:

Hand Weapons
 n - a +4 short sword (weapon)
Armour
 l - a +2 hat (worn)
 m - a +0 leather armour (worn)
Scrolls
 d - a scroll of identify {unknown}
 e - a scroll of enchant weapon {unknown}
 g - 3 scrolls of teleportation {unknown}
 h - a scroll of silence {unknown}
 j - a scroll of fear {unknown}
 k - a scroll of blinking {unknown}
 p - a scroll of enchant armour {unknown}
 q - a scroll of poison {unknown}
 t - a scroll of immolation {unknown}
Potions
 a - 2 potions of lignification {unknown}
 b - a potion of magic
 c - 2 potions of might {unknown}
 f - 2 potions of brilliance {unknown}
 i - a potion of haste {unknown}
 o - a potion of mutation {unknown}
 r - a potion of resistance {unknown}
 s - a potion of curing {unknown}


   Skills:
 - Level 1.7 Dodging
 - Level 1.7 Stealth
 + Level 2.1 Spellcasting
 - Level 0.8 Conjurations
 + Level 4.1 Air Magic


You had 5 spell levels left.
You knew the following spells:

 Your Spells              Type           Power      Damage    Failure   Level
a - Shock                 Conj/Air       48%        1d6       8%          1

Your spell library contained the following spells:

 Spells                   Type           Power      Damage    Failure   Level
 Static Discharge         Conj/Air       24%        2-3/arc   11%         2
 Swiftness                Air            19%        N/A       12%         3
 Poisonous Vapours        Pois/Air       20%        N/A       13%         2
 Sting                    Tmut/Pois      8%         1d3       21%         1
 Airstrike                Air            9%         2d(2-18)  36%         4
 Olgreb's Toxic Radiance  Pois           2%         N/A       90%         4


Dungeon Overview and Level Annotations

Branches:
Dungeon (3/15)


Innate Abilities, Weirdness & Mutations

You have an increased reservoir of magic. (+10% MP)
You shall have no god before yourself.
Your divine heritage dramatically boosts your attributes as you level up.


Message History

Aim: a giant cockroach (heavily wounded, 68% to hit)
The zap misses the giant cockroach.
You now have 3/8 mp.
A giant cockroach is nearby!
Casting: Shock (safe; 8% risk of failure)
Confirm with . or Enter, or press ? or * to list all spells.
Aiming: Shock (safe; 8% risk of failure)
Press: ? - help, Shift-Dir - straight line, f/p - giant cockroach
Aim: a giant cockroach (heavily wounded, 68% to hit)
The zap hits the giant cockroach.
You kill the giant cockroach!
You now have 2/8 mp.
Your magical contamination has completely faded away.
Magic restored.
A steam dragon comes into view.
Found a lumpy dark potion.
The steam dragon hisses angrily.
The steam dragon breathes steam at you. The ball of steam hits you!!
Ouch! That really hurt!
* * * LOW HITPOINT WARNING * * *
The steam dragon moves out of view.
You hear an angry hiss.
Casting: Shock (safe; 8% risk of failure)
Confirm with . or Enter, or press ? or * to list all spells.
You can't see any susceptible monsters within range! (Use Z to cast anyway.)
You take 18 damage, and have 8/26 hp.
MASSIVE DAMAGE!!
MP restored: 8 You're standing in a cloud of steam!
Casting: Shock (safe; 8% risk of failure)
Confirm with . or Enter, or press ? or * to list all spells.
You can't see any susceptible monsters within range! (Use Z to cast anyway.) You're standing in a cloud of steam!
Casting: Shock (safe; 8% risk of failure)
Confirm with . or Enter, or press ? or * to list all spells.
You can't see any susceptible monsters within range! (Use Z to cast anyway.)
The steam dragon breathes steam at you. The ball of steam hits you!!
Ouch! That really hurt!
You die...

.
#.########...
#...........#
#######<.#
...#.#@.######
##.#.#§.......
#....§..######
####....§..#
........#.##
###..##.#.#
.... #D#.# ...
#.#.########
#D....†.....


There were no monsters in sight!

Vanquished Creatures
  2 adders (D:2)
  A dart slug (D:2)
  2 ball pythons (D:1)
  5 bats
  7 endoplasms
  A giant cockroach (D:3)
  7 kobolds
  A frilled lizard (D:1)
  6 goblins
  4 rats
36 creatures vanquished.

Notes
Turn   | Place    | Note
-------+----------+-------------------------------------------
     0 | D:1      | spardeous the Demigod Air Elementalist began the quest for
                  | the Orb.
     0 | D:1      | Reached XP level 1. HP: 14/14 MP: 5/5
    77 | D:1      | Reached skill level 3 in Air Magic
   189 | D:1      | Reached XP level 2. HP: 16/20 MP: 0/7
  1345 | D:2      | Reached XP level 3. HP: 26/26 MP: 2/8
  1510 | D:2      | Reached skill level 4 in Air Magic
  1870 | D:3      | Noticed a steam dragon
  1880 | D:3      | Killed from afar by a steam dragon

Illustrated notes

Levels and vault maps discovered:
D:1:      shiori_arrival_elements, layout_rooms,
          shapermc_ecumenical_altar_mp_urbaneastern, minmay_pentomino_w2
D:2:      layout_loops_ring
D:3:      layout_basic, mainiacjoe_overflow_surrounded_room,
          nicolae_kikubaaqudgha_miasma_corner

Skill      XL: |  1  2  3 |
---------------+----------+-----
Air Magic      | 3 4 |  4.1
Spellcasting   | 2 |  2.1
Dodging        | |  1.7
Stealth        | |  1.7
Conjurations   | |  0.8

Action                     || total
---------------------------++-------
  Melee: Trident           ||     6
         Short sword       ||     1
   Cast: Shock             ||    75
 Armour: Robe              ||     1
         Leather armour    ||     5
  Dodge: Dodged            ||     8
